 Dungeon Crawl Stone Soup version 0.29-a0-330-g52719c12eb (webtiles) character file.

Game seed: 11237986912182899922

1405633 Anon1729 the Metallomancer (level 27, 136/218 HPs)
             Began as a Grey Draconian Transmuter on Apr 20, 2022.
             Was the Champion of Fedhas.
             Escaped with the Orb
             ... and 3 runes on Apr 21, 2022!
             The game lasted 05:43:45 (111312 turns).

Anon1729 the Metallomancer (DrTm)                 Turns: 111312, Time: 05:43:46

Health: 136/218    AC: 27    Str: 18    XL:     27
Magic:  53/54      EV: 22    Int: 43    God:    Fedhas [******]
Gold:   5838       SH: 13    Dex: 18    Spells: 7/60 levels left

rFire   + + +      SeeInvis +     - Unarmed
rCold   + + .      Faith    .   U - +3 warlock's mirror {reflect}
rNeg    + + .      Spirit   .   (body armour unavailable)
rPois   +          Reflect  +   Q - +3 hat of Pondering {ponderous, Will+ MP+10 Int+5}
rElec   +          Harm     .   T - +2 cloak of Cefer {rF++ rN++ rCorr}
rCorr   +          Rampage  .   R - +1 pair of gloves "Lyheul" {rC++}
Will    +++..                   m - +0 pair of boots of Satojan {+Inv rF- rCorr Int+10}
Stlth   +.........              J - amulet of Doubts {RegenMP Int+5 SInv}
HPRegen 0.46/turn               x - ring "Potina Wobeu" {Fire Dex+3}
MPRegen 0.74/turn               I - ring of Awe {Str+4 Slay+4}

@: mighty, brilliant, resistant (expiring), hasted, very quick
A: AC +18, amphibious, unfitting armour, cold-blooded, large bone plates 1,
frail 1, mutation resistance 1
0: Orb of Zot
}: 3/15 runes: barnacled, slimy, gossamer
a: Renounce Religion, Evoke Invisibility, Wall of Briars, Grow Ballistomycete,
Overgrow, Grow Oklob


You escaped.
You worshipped Fedhas.
Fedhas was exalted by your worship.
You visited 13 branches of the dungeon, and saw 57 of its levels.
You visited the Abyss 4 times.
You visited 1 bazaar.
You also visited: Trove and Wizlab.

You collected 8823 gold pieces.
You spent 2985 gold pieces at shops.

Inventory:

Hand Weapons
 Z - the +3 Elemental Staff {rElec rF++ rC++ AC+5}
   (You found it on level 3 of the Elven Halls)

   If the wielder is skilled in Evocations, they can discharge powerful blasts
   of elemental energy when striking with it.
   It enhances your fire, ice, earth and air magic.
   AC:        It affects your AC (+5).
   rF:        It greatly protects you from fire.
   rC:        It greatly protects you from cold.
   rElec:     It insulates you from electricity.
Armour
 c - a scarf of repulsion
 m - the +0 pair of boots of Satojan (worn) {+Inv rF- rCorr Int+10}
   (You found it in a treasure trove)

   Int:       It affects your intelligence (+10).
   rF:        It makes you vulnerable to fire.
   +Inv:      It lets you turn invisible.
   rCorr:     It protects you from acid and corrosion.
 O - the +0 pair of boots of Perfidy {+Inv rPois Dex-3}
   (You acquired it on level 10 of the Dungeon)

   Dex:       It affects your dexterity (-3).
   rPois:     It protects you from poison.
   +Inv:      It lets you turn invisible.
 Q - the +3 hat of Pondering (worn) {ponderous, Will+ MP+10 Int+5}
   (You took it off Gastronok on level 11 of the Dungeon)

   Int:       It affects your intelligence (+5).
   MP:        It affects your magic capacity (+10).
   Will:      It increases your willpower.
 R - the +1 pair of gloves "Lyheul" (worn) {rC++}
   (You found it in a treasure trove)

   rC:        It greatly protects you from cold.
 T - the +2 cloak of Cefer (worn) {rF++ rN++ rCorr}
   (You found it in a treasure trove)

   rF:        It greatly protects you from fire.
   rN:        It greatly protects you from negative energy.
   rCorr:     It protects you from acid and corrosion.
 U - the +3 warlock's mirror (worn) {reflect}
   (You bought it in a shop in a bazaar)

   It can block and reflect piercing ranged attacks and magical attacks against
   the wielder's willpower.
Jewellery
 b - a ring of see invisible
 u - the ring "Cungiot" {Will- MP+9 Int+6 Dex+3}
   (You found it on level 4 of the Spider Nest)

   [ring of intelligence]

   Int:       It affects your intelligence (+6).
   Dex:       It affects your dexterity (+3).
   MP:        It affects your magic capacity (+9).
   Will:      It decreases your willpower.
 x - the ring "Potina Wobeu" (left hand) {Fire Dex+3}
   (You found it on level 2 of the Lair of Beasts)

   [ring of fire]

   It enhances your fire magic.
   Dex:       It affects your dexterity (+3).
   rF:        It protects you from fire.
   rC:        It makes you vulnerable to cold.
 A - the amulet of Wuytz {rElec Regen+}
   (You found it on level 5 of the Pits of Slime)

   [amulet of regeneration]

   rElec:     It insulates you from electricity.
   Regen:     It increases your rate of health regeneration.
 I - the ring of Awe (right hand) {Str+4 Slay+4}
   (You took it off a skeletal warrior on level 3 of the Crypt)

   [ring of slaying]

   Str:       It affects your strength (+4).
   Slay:      It affects your accuracy & damage with ranged weapons and melee
   (+4).
 J - the amulet of Doubts (around neck) {RegenMP Int+5 SInv}
   (You acquired it on level 4 of the Shoals)

   [amulet of magic regeneration]

   It increases your rate of magic regeneration.
   Int:       It affects your intelligence (+5).
   SInv:      It lets you see invisible.
 W - a +4 ring of protection
Wands
 j - a wand of acid (30)
 r - a wand of mindburst (10)
 C - a wand of polymorph (18)
 F - a wand of digging (5)
 N - a wand of flame (89)
 S - a wand of iceblast (33)
Scrolls
 a - 11 scrolls of fog
 d - 6 scrolls of silence
 f - 9 scrolls of enchant armour
 k - 19 scrolls of teleportation
 p - 6 scrolls of holy word
 s - 13 scrolls of vulnerability
 t - 6 scrolls of fear
 w - 2 scrolls of blinking
 y - 15 scrolls of amnesia
 K - 11 scrolls of magic mapping
 L - a scroll of summoning
 Y - 6 scrolls of immolation
Potions
 e - 3 potions of lignification
 g - 3 potions of brilliance
 h - 2 potions of cancellation
 l - 2 potions of haste
 n - 4 potions of magic
 o - 8 potions of mutation
 q - 4 potions of invisibility
 v - 6 potions of heal wounds
 z - 8 potions of ambrosia
 B - 21 potions of attraction
 H - 14 potions of curing
 P - 2 potions of berserk rage
Miscellaneous
 D - a tin of tremorstones (2/2)
 G - a lightning rod (4/4)
 M - a phial of floods (inert)
 V - a condenser vane
 X - a box of beasts


   Skills:
 - Level 19.0 Fighting
 - Level 16.2 Dodging
 - Level 4.0 Stealth
 - Level 5.0 Shields
 - Level 17.8 Unarmed Combat
 - Level 17.0 Spellcasting
 - Level 13.6 Conjurations
 - Level 3.1 Hexes
 - Level 14.0 Translocations
 - Level 20.0 Transmutations
 - Level 21.4 Earth Magic
 + Level 19.1 Invocations
 - Level 11.5 Evocations


You had 7 spell levels left.
You knew the following spells:

 Your Spells              Type           Power      Damage    Failure   Level
a - Beastly Appendage     Tmut           100%       N/A       0%          1
b - Wereblood             Tmut           100%       N/A       0%          2
c - Spider Form           Tmut/Pois      100%       N/A       1%          3
d - Blade Hands           Tmut           71%        N/A       0%          5
e - Stone Arrow           Conj/Erth      100%       3d13      0%          3
f - Lee's Rapid Deconstr  Erth           73%        3d34*     0%          5
g - Dragon Form           Tmut           71%        N/A       1%          7
h - Petrify               Tmut/Erth      100%       N/A       0%          4
i - Statue Form           Tmut/Erth      96%        N/A       1%          6
j - Apportation           Tloc           100%       N/A       0%          1
k - Passwall              Tmut/Erth      100%       N/A       0%          2
l - Blink                 Tloc           100%       N/A       0%          2
m - Manifold Assault      Tloc           100%       N/A       1%          5
n - Leda's Liquefaction   Hex/Erth       59%        N/A       1%          4
z - Lesser Beckoning      Tloc           100%       N/A       0%          3

Your spell library contained the following spells:

 Spells                   Type           Power      Damage    Failure   Level
 Magic Dart               Conj           100%       1d8       0%          1
 Sting                    Tmut/Pois      100%       1d8       0%          1
 Searing Ray              Conj           100%       2d8       0%          2
 Gell's Gravitas          Tloc           100%       N/A       0%          3
 Teleport Other           Tloc           100%       N/A       0%          3
 Animate Skeleton         Necr           100%       N/A       1%          1
 Foxfire                  Conj/Fire      100%       2x1d9     1%          1
 Freeze                   Ice            100%       1d11      1%          1
 Pain                     Necr           100%       1d9       1%          1
 Shock                    Conj/Air       100%       1d9       1%          1
 Slow                     Hex            100%       N/A       1%          1
 Summon Small Mammal      Summ           100%       N/A       1%          1
 Ensorcelled Hibernation  Hex/Ice        100%       N/A       1%          2
 Scorch                   Fire           100%       2d10      1%          2
 Confusing Touch          Hex            76%        N/A       1%          3
 Conjure Flame            Conj/Fire      100%       6-21      1%          3
 Dazzling Flash           Conj/Hex       100%       N/A       1%          3
 Ignite Poison            Fire/Tmut/Pois 100%       N/A       1%          3
 Inner Flame              Hex/Fire       85%        N/A       1%          3
 Mephitic Cloud           Conj/Pois/Air  85%        N/A       1%          3
 Portal Projectile        Hex/Tloc       100%       N/A       1%          3
 Tukima's Dance           Hex            76%        N/A       1%          3
 Flame Wave               Conj/Fire      100%       2d17      1%          4
 Fulminant Prism          Conj/Hex       52%        3d23      1%          4
 Hailstorm                Conj/Ice       97%        3d19      1%          4
 Ice Form                 Ice/Tmut       100%       N/A       1%          4
 Iskenderun's Mystic Bla  Conj/Tloc      100%       2d19      1%          4
 Passage of Golubria      Tloc           100%       N/A       1%          4
 Borgnjor's Vile Clutch   Necr/Erth      57%        N/A       1%          5
 Fireball                 Conj/Fire      59%        3d23      1%          5
 Iskenderun's Battlesphe  Conj           100%       2d15      1%          5
 Lightning Bolt           Conj/Air       48%        1d69      1%          5
 Summon Forest            Summ/Tloc      49%        N/A       1%          5
 Yara's Violent Unravell  Hex/Tmut       58%        3d22      1%          5
 Iron Shot                Conj/Erth      68%        9d13      1%          6
 Call Canine Familiar     Summ           53%        N/A       2%          3
 Frozen Ramparts          Ice            100%       1d12      2%          3
 Swiftness                Air            53%        N/A       2%          3
 Vampiric Draining        Necr           53%        2d9       2%          3
 Freezing Cloud           Conj/Ice/Air   42%        6-21      3%          5
 Animate Dead             Necr           26%        N/A       9%          4
 Summon Ice Beast         Ice/Summ       53%        N/A       9%          4
 Starburst                Conj/Fire      59%        6d16      9%          6
 Summon Mana Viper        Hex/Summ       66%        N/A       13%         5
 Agony                    Necr           53%        N/A       24%         5
 Excruciating Wounds      Necr           26%        N/A       24%         5
 Malign Gateway           Summ/Tloc      49%        N/A       38%         7
 Spellforged Servitor     Conj/Summ      48%        N/A       43%         7
 Death Channel            Necr           26%        N/A       80%         6
 Simulacrum               Ice/Necr       26%        N/A       80%         6
 Summon Cactus Giant      Summ           26%        N/A       80%         6
 Enfeeble                 Hex            38%        N/A       91%         7
 Ozocubu's Refrigeration  Ice            26%        4d10      100%        7
 Summon Hydra             Summ           26%        N/A       100%        7
 Lehudib's Crystal Spear  Conj/Erth      68%        10d15     4%          8
 Necromutation            Tmut/Necr      55%        N/A       67%         8
 Borgnjor's Revivificati  Necr           26%        N/A       100%        8
 Ignition                 Fire           35%        3d11      100%        8
 Summon Horrible Things   Summ           26%        N/A       100%        8
 Chain Lightning          Conj/Air       48%        3d64      100%        9
 Death's Door             Necr           26%        N/A       100%        9
 Animate Armour           Summ/Erth      Unusable   N/A       N/A         4

Dungeon Overview and Level Annotations

Branches:
Dungeon (15/15)            Temple (1/1) D:6            Lair (6/6) D:9
 Shoals (4/4) Lair:4       Spider (4/4) Lair:4        Slime (5/5) Lair:6
    Orc (2/2) D:9             Elf (3/3) Orc:2        Vaults (4/5) D:14
  Crypt (3/3) Vaults:3       Tomb (1/3) Crypt:3      Depths (4/4) D:15
    Zot (5/5) Depths:4     WizLab (visited)

Altars:
Ashenzari
Cheibriados
Dithmenos
Elyvilon
Fedhas
Gozag
Hepliaklqana
Kikubaaqudgha
Makhleb
Nemelex Xobeh
Okawaru
Qazlal
Ru
Sif Muna
Trog
Uskayaw
Vehumet
Wu Jian
Xom
Yredelemnul
Zin
The Shining One
Jiyva

Shops:
D:1 [   D:7 (   D:12 [   D:15 =   Orc:2 =[:=[*   Elf:1 *:?   Shoals:2 =
Shoals:4 ***   Vaults:2 =   Depths:2 :=:   Depths:3 (

Portals:
Hell: Depths:1 Depths:2 Depths:3 Depths:4
Pandemonium: Depths:2 Depths:4
Ziggurat: Depths:2

Annotations:
Elf:2 3 runed translucent doors, exclusion: 3 doors


Innate Abilities, Weirdness & Mutations

Your dull iron-grey scales are very hard. (AC +18)
You are amphibious.
You cannot fit into any form of body armour.
You are cold-blooded and may be slowed by cold attacks.
You are partially covered in large bone plates. (SH +4)
You are frail. (-10% HP)
You are somewhat resistant to further mutation.


Message History

You feel very mighty all of a sudden.
Casting: Dragon Form (mildly dangerous; 1% risk of failure)
Confirm with . or Enter, or press ? or * to list all spells.
You feel a surge of power!
Space momentarily warps into an impossible shape!
You hit the Orb Guardian but do no damage.
Casting: Manifold Assault (safe; 1% risk of failure)
Confirm with . or Enter, or press ? or * to list all spells.
You feel a surge of power!
Space momentarily warps into an impossible shape!
You punch the Orb Guardian! You closely miss the Orb Guardian.
Your tail-slap misses the Orb Guardian.
The Orb Guardian is lightly wounded.
You block the Orb Guardian's attack.
You punch the Orb Guardian!
You tail-slap the Orb Guardian, but do no damage.
The Orb Guardian is lightly wounded.
You barely miss the Orb Guardian.
Your tail-slap misses the Orb Guardian.
The Orb Guardian is lightly wounded.
The Orb Guardian hits you!
You punch the Orb Guardian!
The Orb Guardian is moderately wounded.
You punch the Orb Guardian!
You tail-slap the Orb Guardian, but do no damage.
The Orb Guardian is heavily wounded.
The Orb Guardian barely misses you.
You pummel the Orb Guardian!!
The Orb Guardian is severely wounded.
You start to feel less resistant.
You block the Orb Guardian's attack.
You hit the Orb Guardian but do no damage.
You tail-slap the Orb Guardian, but do no damage.
The Orb Guardian is severely wounded.
You barely miss the Orb Guardian.
Your tail-slap misses the Orb Guardian.
The Orb Guardian is severely wounded.
The Orb Guardian hits you!
You pummel the Orb Guardian!!
You kill the Orb Guardian!
Fedhas accepts your kill.
You have escaped!

.#.# #.#...≈...#.#
#.##.. .#.#
#.#.8.≈.8.#.# #.####
##.# ###...≈)..#.# #.#
# ##.# #.⌠.≈.⌠.#.#
#.#### ##.#
###...≈...#.# #.##..
.#.# #.#.8.≈.8.#.#
#.###.
...########.#..[≈...#.#
#.# ##
.#..........###...###.#
#.# ##.########## ##@##
#.# #.# ## ...# ### #.#
#.# #. #### #.# #.###.
#################.#
#....#
#.................#
###.##
#####.#################
#..# ......# ##..
####### ###


There were no monsters in sight!

Vanquished Creatures
  the Royal Jelly (Slime:5)
  An ancient lich (Depths:2)
  3 dread liches
  A pandemonium lord (D:4)
  10 orbs of fire
  Mara (Depths:2)
  Sojobo (Crypt:3)
  3 royal mummies (Tomb:1)
  The ghost of Gebug the Slayer, a legendary GrBe of Trog (Zot:2)
  Saint Roka (Depths:4)
  4 Killer Klowns (Zot:5)
  5 caustic shrikes (Depths:4)
  Nikola (Shoals:1)
  5 golden dragons
  A curse toe (Zot:2)
  2 profane servitors
  5 bone dragons
  6 electric golems
  A Brimstone Fiend (Depths:2)
  2 Tzitzimimeh
  16 tentacled monstrosities
  Jorgrun (D:14)
  4 liches
  3 titans
  2 deep elf master archers (Elf:3)
  2 deep elf blademasters (Elf:3)
  A walking frostbound tome (Depths:3)
  5 quicksilver dragons
  27 Orb Guardians
  22 acid blobs
  Polyphemus (Shoals:3)
  Gastronok (D:11)
  A tentacled starspawn (Abyss:2)
  3 Executioners
  7 death cobs
  6 ancient champions
  11 shadow dragons
  11 sphinxes
  Kirke (Shoals:1)
  9 azure jellies
  Roxanne (Shoals:1)
  4 tengu reavers
  6 draconian monks
  11 storm dragons
  Ilsuiw (Shoals:3)
  Donald (Orc:1)
  10 rockslimes
  7 revenants
  4 fire giants
  10 frost giants
  11 draconian knights
  8 vault wardens
  9 draconian scorchers
  2 orc warlords
  3 cacodemons
  2 iron dragons
  13 ghouls
  Louise (Shoals:1)
  A balrug (Depths:3)
  13 ghost moths
  A caustic shrike zombie (Crypt:2)
  7 draconian shifters
  6 deep elf sorcerers
  6 emperor scorpions (Spider:4)
  4 draconian stormcallers
  7 deep elf elementalists
  16 ironbound preservers
  3 war gargoyles (Vaults:4)
  3 draconian annihilators
  9 stone giants
  3 curse skulls
  A spriggan defender (Depths:3)
  24 very ugly things
  13 quicksilver oozes
  2 broodmothers (Spider:1)
  9 ironbound thunderhulks
  2 reapers
  Azrael (D:13)
  3 caustic shrike skeletons (Crypt:3)
  11 deep elf demonologists
  7 vampire knights
  3 eleionomae (Depths:3)
  2 juggernaut skeletons (Crypt:3)
  8 white draconians
  4 black draconians
  4 entropy weavers
  16 green draconians
  A lorocyproca (Abyss:3)
  11 spark wasps
  14 red draconians
  Nessos (D:13)
  7 deep elf annihilators
  10 purple draconians
  15 yellow draconians
  A crystal guardian (Vaults:4)
  A blizzard demon (Depths:2)
  8 dire elephants
  6 merfolk javelineers
  12 jiangshi
  15 mummy priests
  9 ettins
  8 fire dragons
  12 yaktaur captains
  3 deep elf high priests
  7 eidola
  13 great orbs of eyes
  9 merfolk impalers
  Josephine (Shoals:1)
  8 deep elf death magi
  A great orb of eyes (shapeshifter) (Depths:1)
  9 vault guards
  3 hydras
  4 peacekeepers (Vaults:4)
  9 ironbound frosthearts
  5 salamander tyrants (Depths:3)
  3 rakshasas
  3 merfolk avatars
  A radroach (Spider:3)
  5 spriggan air magi
  10 centaur warriors
  A jorogumo (Spider:4)
  7 boulder beetles
  2 catoblepae
  A spriggan skeleton (Crypt:3)
  6 ice dragons
  An alligator snapping turtle (Shoals:2)
  10 death yaks
  25 dancing weapons
  2 two-headed ogres
  A fenstrider witch skeleton (Crypt:3)
  5 merfolk aquamancers
  2 tengu warriors
  An alligator (shapeshifter) (Depths:4)
  6 thrashing horrors
  8 vampire magi
  6 deep troll shamans
  4 death knights
  6 deep troll earth magi
  The ghost of Mytuz the Wallflower, a journeyman VSFi of Uskayaw (Lair:2)
  2 orc high priests (Orc:2)
  4 soul eaters
  8 large abominations
  15 deep elf knights
  4 spriggan berserkers (Depths:4)
  10 hell knights
  Sonja (Orc:1)
  A wretched star (Abyss:2)
  A salamander mystic (Depths:3)
  A sun demon (Depths:3)
  A sun moth (Spider:4)
  5 iron trolls
  3 pharaoh ants
  64 deep trolls
  3 spriggan druids (Depths:3)
  41 skeletal warriors
  4 sixfirhies
  A spark wasp zombie (WizLab)
  20 ironbound convokers
  An obsidian statue (Zot:5)
  A shadow wraith (Crypt:1)
  6 steelbarb worms
  9 sea snakes
  7 orb spiders
  3 bog bodies
  2 flayed ghosts
  A glowing orange brain (shapeshifter) (Vaults:3)
  8 lindwurms
  An entropy weaver zombie (Vaults:1)
  A bunyip skeleton (Crypt:3)
  An orange crystal statue (Depths:2)
  6 wizards
  An anaconda skeleton (Crypt:3)
  25 harpies
  2 necromancers
  6 glowing orange brains
  5 phantasmal warriors
  7 orc knights
  37 deep elf zephyrmancers
  7 wolf spider zombies (Spider:1)
  9 deep elf archers
  A goliath frog zombie (Crypt:2)
  28 deep elf pyromancers
  A sphinx zombie (Crypt:1)
  A will-o-the-wisp (Abyss:2)
  3 cyclopes
  A stone giant zombie (WizLab)
  3 fauns (Shoals:1)
  3 orc sorcerers
  3 salamanders (Depths:3)
  A manticore (shapeshifter) (Elf:3)
  15 manticores
  2 shining eyes
  37 ugly things
  8 wolf spiders
  2 frost giant zombies (WizLab)
  A goliath frog skeleton (Crypt:2)
  11 elephants
  A guardian serpent (Abyss:2)
  A rust devil (Abyss:3)
  Maurice (D:9)
  26 moths of wrath
  6 water nymphs
  An elephant slug zombie (Crypt:3)
  21 vault sentinels
  An orange demon (Abyss:3)
  A demonspawn zombie (WizLab)
  A water nymph (shapeshifter) (D:15)
  An eye of devastation (Slime:5)
  5 smoke demons
  2 molten gargoyles (Lair:6)
  10 black mambas
  9 merfolk sirens
  3 torpor snails
  3 unseen horrors
  A pale draconian zombie (Crypt:1)
  A dire elephant skeleton (Crypt:3)
  2 tormentors
  A hellion (Depths:2)
  2 centaur skeletons (Crypt:3)
  An orb spider zombie (Crypt:1)
  12 cane toads
  A kobold demonologist (D:13)
  24 yaktaurs
  6 demonic crawlers
  2 hellwings (Abyss:2)
  10 rime drakes
  18 komodo dragons
  4 redback zombies (Spider:1)
  5 freezing wraiths
  2 efreet
  2 dryads (Depths:3)
  2 ice devils
  2 tengu conjurers
  An ancient zyme (Abyss:2)
  A queen bee (Lair:5)
  12 guardian mummies
  5 polar bears
  3 wind drakes
  28 merfolk
  15 meliai
  8 trolls
  A hydra skeleton (Crypt:3)
  3 harpy skeletons (Crypt:3)
  15 tarantellas
  11 hornets
  Prince Ribbit (Lair:3)
  A spriggan zombie (WizLab)
  6 snapping turtles
  136 slime creatures
  9 raiju (Abyss:2)
  A guardian serpent zombie (Crypt:3)
  17 blink frogs
  A death drake skeleton (Crypt:2)
  8 tarantella zombies (Spider:1)
  2 centaur simulacra (D:15)
  10 culicivora zombies (Spider:1)
  7 dream sheep
  2 air elementals
  An ettin skeleton (Vaults:1)
  15 jumping spiders
  An elf skeleton (Vaults:1)
  12 flying skulls
  3 shadows
  8 spriggans
  14 water elementals
  5 vampires
  16 culicivoras
  A ynoxinul (Abyss:2)
  58 yaks
  9 wyverns
  7 basilisks
  A black mamba skeleton (Crypt:3)
  5 steam dragons
  4 chaos spawn
  2 hogs (Shoals:1)
  Grum (D:8)
  47 redbacks
  9 wraiths
  2 golden eyes (Slime:4)
  3 fire elementals
  A wind drake skeleton (Crypt:2)
  3 neqoxecs (Abyss:2)
  11 vampire mosquitoes
  11 small abominations
  A merfolk zombie (Crypt:1)
  Menkaure (D:7)
  5 acid dragons
  8 wargs
  A faun zombie (Crypt:1)
  A two-headed ogre zombie (Crypt:2)
  20 water moccasins
  13 hell hounds
  A hydra simulacrum (Lair:2)
  A floating eye (Depths:1)
  A water nymph skeleton (Crypt:3)
  2 naga skeletons (Crypt:3)
  An ice beast (Abyss:2)
  2 black bears
  A swamp dragon zombie (Crypt:1)
  An elephant zombie (Crypt:3)
  A human zombie (Vaults:1)
  33 orc warriors
  5 starcursed masses
  A boulder beetle simulacrum (Lair:2)
  A sky beast (D:7)
  4 ogres
  5 wolves
  7 boggarts
  8 centaurs
  A phantom (D:4)
  A torpor snail zombie (Crypt:2)
  A kobold brigand (D:10)
  8 bullfrogs
  6 necrophages
  A draconian skeleton (Crypt:3)
  A gnoll sergeant (D:10)
  5 scorpions
  5 earth elementals
  A cyclops skeleton (Crypt:1)
  13 wights
  A blink frog simulacrum (Lair:2)
  A human simulacrum (Vaults:1)
  33 killer bees
  A water moccasin skeleton (Crypt:2)
  3 electric eels (D:13)
  4 howler monkeys
  A crimson imp (Abyss:2)
  7 jellies
  4 lava snakes (Lair:6)
  Crazy Yiuf (D:2)
  A quasit (Abyss:2)
  31 orc priests
  2 hounds (D:4)
  2 iguanas
  Ijyb (D:4)
  Natasha (thrice) (D:3)
  17 orc wizards
  A yak simulacrum (Lair:2)
  A bullfrog simulacrum (Lair:2)
  8 mummies (Tomb:1)
  Robin (D:3)
  6 adders
  8 gnolls
  A shadow imp (D:8)
  3 white imps
  An ufetubus (D:5)
  4 worms
  A dart slug (D:1)
  70 orcs
  7 ball pythons
  18 endoplasms
  2 giant cockroaches
  16 goblins
  9 hobgoblins
  15 jackals
  15 kobolds
  5 quokkas
  A ball python skeleton (Crypt:2)
  9 bats
  3 frilled lizards
  A frilled lizard skeleton (Crypt:1)
  A goblin skeleton (Crypt:3)
  2 quokka skeletons
  8 rats
  2 ballistomycete spores
2503 creatures vanquished.

Vanquished Creatures (collateral kills)
  Rupert (Lair:5)
  An Orb Guardian (Zot:5)
  A deep elf blademaster (Elf:2)
  A death cob (Zot:4)
  A storm dragon (Zot:5)
  A caustic shrike skeleton (Crypt:3)
  2 orc high priests (Orc:2)
  4 skeletal warriors (Crypt:3)
  A fire giant zombie (WizLab)
  A harpy (Shoals:3)
  An orc sorcerer (Orc:2)
  A merfolk siren (Shoals:3)
  A guardian mummy (WizLab)
  An orc warrior (Orc:2)
  A raiju zombie (WizLab)
  4 orc priests (Orc:2)
  2 orc wizards (Orc:2)
  36 ballistomycete spores
61 creatures vanquished.

Vanquished Creatures (others)
  A frost giant (D:15)
  A deep elf high priest (Elf:1)
  2 deep elf knights
  A deep troll (Vaults:1)
  2 wizards
  2 deep elf zephyrmancers (Elf:1)
  A guardian mummy (WizLab)
  A water elemental (Elf:2)
  A culicivora (Spider:2)
  A hog (Shoals:1)
  4 humans (Shoals:1)
  A redback (Spider:4)
  A swamp drake (D:5)
  A killer bee (D:5)
  A jelly (D:7)
  An orc (Orc:2)
  5 ballistomycete spores
  A bush (Lair:6)
  2 foxfires (Abyss:2)
  56 fungi
  197 plants
  4 starspawn tentacles
  9 toadstools (D:2)
296 creatures vanquished.

Grand Total: 2860 creatures vanquished

Notes
Turn   | Place    | Note
-------+----------+-------------------------------------------
     0 | D:1      | Anon1729 the Draconian Transmuter began the quest for the
                  | Orb.
     0 | D:1      | Reached XP level 1. HP: 16/16 MP: 3/3
   110 | D:1      | Reached XP level 2. HP: 22/23 MP: 3/5
   314 | D:1      | Found a faded altar of an unknown god.
   370 | D:1      | Found Duimeij's Antique Armour Emporium.
   505 | D:1      | Reached XP level 3. HP: 25/29 MP: 4/6
   638 | D:1      | Learned a level 2 spell: Wereblood
   642 | D:1      | Learned a level 3 spell: Spider Form
  1426 | D:2      | Reached XP level 4. HP: 36/36 MP: 7/7
  1982 | D:2      | Reached XP level 5. HP: 40/42 MP: 6/9
  2405 | D:2      | Found a runed translucent door.
  2406 | D:2      | Noticed Crazy Yiuf
  3026 | D:3      | Noticed Robin
  3067 | D:3      | Killed Robin
  3075 | D:3      | Reached XP level 6. HP: 50/50 MP: 10/10
  3318 | D:3      | Noticed Natasha
  3327 | D:3      | Killed Natasha
  3398 | D:3      | Noticed Natasha
  3407 | D:3      | Killed Natasha
  3613 | D:3      | Noticed Natasha
  3624 | D:3      | Killed Natasha
  4157 | D:4      | Your scales start taking on a dull iron-grey colour.
  4157 | D:4      | Reached XP level 7. HP: 40/57 MP: 12/12
  4283 | D:4      | Found a sparkling altar of Nemelex Xobeh.
  4392 | D:4      | Noticed Ijyb
  4480 | D:5      | Entered Level 5 of the Dungeon
  4609 | D:5      | Reached skill level 5 in Transmutations
  4797 | D:5      | Found a stormy altar of Qazlal.
  5008 | D:4      | Reached XP level 8. HP: 27/61 MP: 13/13
  5614 | D:1      | Bought an embroidered scarf for 144 gold pieces
  6083 | D:4      | Found a hide-covered altar of Uskayaw.
  6431 | D:4      | Reached skill level 5 in Unarmed Combat
  6762 | D:5      | Found a burning altar of Makhleb.
  6764 | D:5      | Noticed a cacodemon
  7172 | D:5      | Found a glowing silver altar of Zin.
  7173 | D:5      | Noticed an angel
  7373 | D:6      | Noticed a hornet
  7497 | D:1      | Bought a pair of embroidered gloves for 135 gold pieces
  7628 | D:2      | Killed Crazy Yiuf
  7957 | D:6      | Found a shadowy altar of Dithmenos.
  7986 | D:6      | Found a staircase to the Ecumenical Temple.
  8000 | D:6      | Reached skill level 5 in Fighting
  8006 | Temple   | Entered the Ecumenical Temple
  8331 | D:6      | Found an opulent altar of Gozag.
  8580 | D:6      | Reached XP level 9. HP: 31/74 MP: 16/16
  9579 | D:7      | Identified the +8 spear of Fear {freeze, rC++ Str-3}
  9756 | D:7      | Reached skill level 5 in Spellcasting
  9841 | D:7      | Found Wopho's Weapon Shoppe.
  9909 | D:7      | Reached skill level 5 in Dodging
  9993 | D:7      | Noticed Menkaure
  9998 | D:7      | Killed Menkaure
 11094 | D:8      | Reached skill level 1 in Earth Magic
 11316 | D:7      | Reached skill level 1 in Invocations
 11483 | D:8      | Noticed Grum
 11502 | D:8      | Killed Grum
 11503 | D:8      | Reached skill level 2 in Earth Magic
 12072 | D:9      | Noticed a troll
 12083 | D:9      | Killed a troll
 12084 | D:9      | Reached XP level 10. HP: 68/83 MP: 18/18
 12231 | D:9      | Reached skill level 3 in Earth Magic
 12246 | D:9      | Found a staircase to the Orcish Mines.
 13140 | D:9      | Found a staircase to the Lair.
 13161 | D:9      | Reached skill level 4 in Earth Magic
 13362 | D:9      | Found a blossoming altar of Fedhas.
 13414 | D:9      | Noticed Maurice
 13497 | D:9      | Paralysed by Maurice for 2 turns
 13523 | D:9      | Killed Maurice
 14266 | D:10     | Entered Level 10 of the Dungeon
 14269 | D:10     | Identified a scroll of acquirement
 14270 | D:10     | Acquired the +2 hat of Crawling {rElec Int+4}
 14377 | D:10     | Reached skill level 5 in Earth Magic
 14624 | D:10     | Noticed a boulder beetle
 14779 | D:10     | Acquired the +0 pair of boots of Perfidy {+Inv rPois Dex-3}
 14781 | D:10     | Acquired a book of Iron
 14789 | D:10     | Learned a level 5 spell: Blade Hands
 14972 | D:10     | Noticed a two-headed ogre
 15058 | Lair:1   | Entered Level 1 of the Lair of Beasts
 15509 | Lair:1   | Reached XP level 11. HP: 71/92 MP: 7/20
 15514 | Lair:1   | Reached skill level 6 in Earth Magic
 16146 | Lair:1   | Reached skill level 10 in Transmutations
 16275 | Lair:1   | Reached skill level 7 in Earth Magic
 17016 | Lair:2   | Found a runed translucent gate.
 17016 | Lair:2   | Found a runed translucent gate.
 17016 | Lair:2   | Found a runed translucent gate.
 17062 | Lair:2   | Noticed Mytuz's ghost (journeyman VSFi)
 17105 | Lair:2   | Reached skill level 5 in Invocations
 17262 | Lair:2   | Reached skill level 8 in Earth Magic
 17648 | Lair:2   | Reached XP level 12. HP: 98/101 MP: 15/22
 17729 | Lair:2   | Noticed a six-headed hydra
 17878 | D:9      | Became a worshipper of Fedhas Madash
 18052 | Lair:2   | Noticed a death yak
 18052 | Lair:2   | Noticed a death yak
 18084 | Lair:3   | Killed a death yak
 18246 | Lair:2   | Noticed a death yak
 18255 | Lair:3   | Killed a death yak
 18308 | Lair:2   | Killed a death yak
 18442 | Lair:2   | Killed a six-headed hydra
 19177 | Lair:1   | Reached skill level 9 in Earth Magic
 19422 | Lair:2   | Killed Mytuz's ghost
 19592 | Lair:2   | Got the ring "Potina Wobeu" {Fire Dex+3}
 19929 | Lair:3   | Reached * piety under Fedhas
 20158 | Lair:3   | Noticed Prince Ribbit
 20179 | Lair:3   | Killed Prince Ribbit
 20629 | Lair:3   | Noticed a boulder beetle
 20647 | Lair:3   | Killed a boulder beetle
 20648 | Lair:3   | Reached skill level 10 in Earth Magic
 20727 | Lair:3   | Reached ** piety under Fedhas
 21170 | Lair:4   | Found a hole to the Spider Nest.
 21183 | Lair:4   | Reached XP level 13. HP: 105/110 MP: 12/24
 21526 | Lair:4   | Found a staircase to the Shoals.
 21890 | Lair:4   | Learned a level 3 spell: Stone Arrow
 22060 | Lair:5   | Noticed Rupert
 22075 | Lair:5   | Killed Rupert
 22287 | Lair:5   | Reached skill level 11 in Earth Magic
 22297 | Lair:5   | Reached *** piety under Fedhas
 23713 | Lair:5   | Reached **** piety under Fedhas
 24111 | Lair:6   | Entered Level 6 of the Lair of Beasts
 24659 | Lair:6   | Reached XP level 14. HP: 115/119 MP: 20/26
 24756 | Lair:6   | Found a runed translucent door.
 24756 | Lair:6   | Found a viscous altar of Jiyva.
 25014 | Lair:6   | Reached skill level 12 in Earth Magic
 25959 | Lair:6   | Reached skill level 10 in Fighting
 26034 | Lair:6   | Found a large runed translucent door.
 26036 | Lair:6   | Found a large runed translucent door.
 26474 | Lair:6   | Found a staircase to the Slime Pits.
 27034 | D:4      | Killed Ijyb
 27721 | D:10     | Reached ***** piety under Fedhas
 27924 | D:11     | Noticed Gastronok
 27938 | D:11     | Killed Gastronok
 29570 | D:12     | Found Byelixaics's Antique Armour Shoppe.
 29764 | D:12     | Reached skill level 10 in Unarmed Combat
 30041 | D:12     | Acquired a book of Cantrips
 30043 | D:12     | Acquired Great Wizards, Vol. VII
 30141 | D:13     | Reached skill level 13 in Earth Magic
 30362 | D:13     | Noticed Azrael
 30407 | D:13     | Killed Azrael
 31054 | D:13     | Reached skill level 1 in Stealth
 31481 | D:13     | Noticed Nessos
 32387 | D:13     | Killed Nessos
 33070 | D:13     | Reached XP level 15. HP: 115/128 MP: 22/28
 33207 | D:14     | Found a gate to the Vaults.
 33279 | D:14     | Noticed Jorgrun
 33294 | D:14     | Killed Jorgrun
 33915 | D:14     | Found a radiant altar of Vehumet.
 33945 | D:14     | Reached ****** piety under Fedhas
 34274 | D:15     | Entered Level 15 of the Dungeon
 34405 | D:15     | Found Ytuq Voe's Jewellery Shop.
 35667 | D:15     | Found a staircase to the Depths.
 36091 | Orc:1    | Entered Level 1 of the Orcish Mines
 36187 | Orc:1    | Reached skill level 14 in Earth Magic
 36448 | Orc:1    | Noticed Sonja
 36457 | Orc:1    | Killed Sonja
 36944 | Orc:2    | Entered Level 2 of the Orcish Mines
 36982 | Orc:2    | Noticed Donald
 37353 | Orc:1    | Killed Donald
 37585 | Orc:2    | Found a staircase to the Elven Halls.
 37609 | Orc:2    | Found a flickering gateway to a bazaar.
 37619 | Bazaar   | Entered a bazaar
 37619 | Bazaar   | Found Refydoiff's Magic Scroll Shoppe.
 37619 | Bazaar   | Found Motarrau's Book Shoppe.
 37619 | Bazaar   | Found Gusue's General Store.
 37743 | Bazaar   | Bought a scroll of immolation for 38 gold pieces
 37746 | Bazaar   | Found Ecsarequ's Antique Weapon Emporium.
 37766 | Bazaar   | Found Jogy Iff's Antique Armour Boutique.
 37870 | Bazaar   | Bought the +3 warlock's mirror {reflect} for 960 gold
                  | pieces
 37870 | Bazaar   | Found the +3 warlock's mirror {reflect}
 37917 | Bazaar   | Bought a scroll of blinking for 82 gold pieces
 37932 | Bazaar   | Bought a scroll of teleportation for 33 gold pieces
 37932 | Bazaar   | Bought a scroll of enchant weapon for 82 gold pieces
 37932 | Bazaar   | Bought a scroll of teleportation for 33 gold pieces
 37932 | Bazaar   | Bought a scroll of identify for 22 gold pieces
 37932 | Bazaar   | Bought a scroll of teleportation for 33 gold pieces
 37932 | Bazaar   | Bought a scroll of identify for 22 gold pieces
 37932 | Bazaar   | Bought a scroll of identify for 22 gold pieces
 37938 | Bazaar   | Bought a scroll of identify for 22 gold pieces
 37939 | Bazaar   | Bought a scroll of summoning for 104 gold pieces
 37939 | Bazaar   | Bought a scroll of enchant armour for 82 gold pieces
 37950 | Bazaar   | Bought a scroll of enchant armour for 82 gold pieces
 37950 | Bazaar   | Bought a scroll of enchant armour for 82 gold pieces
 38011 | Orc:2    | Found Ydwy's General Store.
 38617 | Orc:2    | Bought a scroll of fog for 28 gold pieces
 38682 | Orc:2    | Reached skill level 1 in Shields
 39357 | Orc:2    | Found Bagaon's Book Emporium.
 39357 | Orc:2    | Found Liosch's Armour Emporium.
 39357 | Orc:2    | Found Casown Kiys's Jewellery Shoppe.
 39378 | Orc:2    | Found Qoech's Antique Armour Shoppe.
 39404 | Orc:2    | Found Qixtooc's Jewellery Shoppe.
 39718 | Orc:2    | Learned a level 3 spell: Lesser Beckoning
 39931 | Shoals:1 | Entered Level 1 of the Shoals
 39967 | Shoals:1 | Found a transporter.
 39997 | Shoals:1 | Found a transporter.
 40000 | Shoals:1 | Found a transporter.
 40136 | Shoals:1 | Noticed Josephine
 40163 | Shoals:1 | Killed Josephine
 40295 | Shoals:1 | Found a transporter.
 40297 | Shoals:1 | Found a transporter.
 40305 | Shoals:1 | Noticed Kirke
 40319 | Shoals:1 | Noticed Nikola
 40369 | Shoals:1 | Killed Kirke
 40757 | Shoals:1 | Found a transporter.
 41005 | Shoals:1 | Noticed Louise
 41011 | Shoals:1 | Identified Roxanne's Compendium of Transformation
 41011 | Shoals:1 | Noticed Roxanne
 41018 | Shoals:1 | Cast into level 2 of the Abyss (Louise)
 41185 | Abyss:2  | Noticed a tentacled starspawn
 41209 | Abyss:2  | Killed a tentacled starspawn
 41505 | Shoals:1 | Escaped the Abyss
 41524 | Shoals:1 | Killed Louise
 41525 | Shoals:1 | Reached skill level 1 in Translocations
 41914 | Shoals:1 | Killed Nikola
 41915 | Shoals:1 | Reached XP level 16. HP: 125/137 MP: 24/29
 42074 | Shoals:1 | Killed Roxanne
 42302 | Shoals:1 | Learned a level 7 spell: Dragon Form
 42447 | Shoals:2 | Found Rearih's Jewellery Emporium.
 42454 | Shoals:2 | Learned a level 4 spell: Petrify
 43636 | Shoals:2 | Reached skill level 10 in Spellcasting
 44167 | Shoals:3 | Noticed Ilsuiw
 44195 | Shoals:3 | Reached skill level 15 in Earth Magic
 44204 | Shoals:3 | Killed Ilsuiw
 44535 | Shoals:3 | Noticed Polyphemus
 44544 | Shoals:3 | Reached skill level 10 in Invocations
 44549 | Shoals:3 | Killed Polyphemus
 44947 | Shoals:3 | Reached skill level 15 in Transmutations
 45255 | Shoals:4 | Entered Level 4 of the Shoals
 45331 | Shoals:4 | Reached skill level 10 in Dodging
 46304 | Shoals:4 | Got a barnacled rune of Zot
 46597 | Shoals:4 | Got the Handbook of Attacks
 46879 | Shoals:4 | Identified the +9 hunting sling of Vuczemn {venom, Will+}
 46944 | Shoals:4 | Found Feucuup's Specific Store.
 46948 | Shoals:4 | Found Yviusot's General Store.
 46985 | Shoals:4 | Reached XP level 17. HP: 146/146 MP: 14/31
 46999 | Shoals:4 | Cast into level 2 of the Abyss (merfolk impaler)
 47208 | Shoals:4 | Escaped the Abyss
 47992 | Shoals:4 | Found Peokhyac's General Store.
 48579 | Spider:1 | Entered Level 1 of the Spider Nest
 48597 | Spider:1 | Reached skill level 16 in Earth Magic
 50075 | Spider:2 | Acquired the amulet of Doubts {RegenMP Int+5 SInv}
 51998 | Spider:1 | Identified the +7 short sword "Ekhlapir" {vorpal, rC+ Will+
                  | rCorr Stlth-}
 52393 | Spider:3 | Reached skill level 5 in Translocations
 52853 | Spider:4 | Entered Level 4 of the Spider Nest
 53357 | Spider:4 | Identified the ring "Cungiot" {Will- MP+9 Int+6 Dex+3}
 53591 | Spider:4 | Reached XP level 18. HP: 156/156 MP: 32/32
 54013 | Spider:4 | Reached skill level 17 in Earth Magic
 54128 | Spider:4 | Paralysed by a hornet for 2 turns
 54186 | Spider:4 | Reached XP level 19. HP: 101/162 MP: 34/34
 54461 | Spider:4 | Got a gossamer rune of Zot
 54969 | Vaults:1 | Entered Level 1 of the Vaults
 55561 | Vaults:1 | Found a magical portal.
 55576 | WizLab   | Entered Doroklohe's Tomb
 55937 | WizLab   | Noticed a dread lich
 55947 | WizLab   | Paralysed by a dread lich for 6 turns
 55982 | WizLab   | Identified the +5 ring mail "Rarul" {Harm}
 56006 | WizLab   | Killed a dread lich
 56493 | WizLab   | Found the +6 lightning scales {swift, rElec}
 58755 | Vaults:1 | Reached skill level 18 in Earth Magic
 59015 | Vaults:2 | Reached XP level 20. HP: 172/172 MP: 35/35
 60074 | Vaults:2 | Found a portal to a secret trove of treasure.
 60146 | Vaults:2 | Found Riawypsoaka's Jewellery Shop.
 60813 | Vaults:2 | Found the +6 arbalest "Damnation" {damnation}
 61710 | Trove    | Entered a treasure trove
 61714 | Trove    | Identified the +0 pair of boots of Satojan {+Inv rF- rCorr
                  | Int+10}
 61717 | Trove    | Identified the +1 hat "Falel" {Will+}
 61728 | Trove    | Identified the +0 hat of the Echidna {Slay+2}
 61730 | Trove    | Identified the +1 pair of gloves "Lyheul" {rC++}
 61732 | Trove    | Identified the +2 buckler of Cyckiot {Fly rElec}
 61734 | Trove    | Identified the +2 cloak of Cefer {rF++ rN++ rCorr}
 61738 | Trove    | Identified the +3 kite shield "Ekhuemuo" {+Inv Stlth+}
 61739 | Trove    | Identified the +0 helmet "Eticyfob" {*Corrode Dex+5}
 61750 | Trove    | Identified the +3 buckler "Hearatone" {rF+}
 61835 | Vaults:2 | Learned a level 6 spell: Statue Form
 62347 | Vaults:3 | Found a staircase to the Crypt.
 62628 | Vaults:3 | Paralysed by a great orb of eyes for 3 turns
 62656 | Vaults:3 | Cast into level 2 of the Abyss (a wizard)
 62856 | Abyss:2  | Gained mutation: Your spells are a little easier to cast,
                  | but a little less powerful. [a neqoxec]
 63004 | Abyss:3  | Learned a level 1 spell: Apportation
 63182 | Vaults:3 | Escaped the Abyss
 64394 | Vaults:3 | Reached skill level 19 in Earth Magic
 64938 | Vaults:3 | Lost mutation: Your spells are a little easier to cast, but
                  | a little less powerful. [potion of mutation]
 64938 | Vaults:3 | Gained mutation: You tend to lose your temper in combat.
                  | [potion of mutation]
 64938 | Vaults:3 | Gained mutation: Potions are less effective at restoring
                  | your health. [potion of mutation]
 64938 | Vaults:3 | Gained mutation: Your spells are a little easier to cast,
                  | but a little less powerful. [potion of mutation]
 64938 | Vaults:3 | Gained mutation: You expend magic power (3 MP) to
                  | strengthen your wands. [potion of mutation]
 64939 | Vaults:3 | Lost mutation: Potions are less effective at restoring your
                  | health. [potion of mutation]
 64939 | Vaults:3 | Lost mutation: You expend magic power (3 MP) to strengthen
                  | your wands. [potion of mutation]
 64939 | Vaults:3 | Gained mutation: Your flesh is cold resistant. (rC+)
                  | [potion of mutation]
 64940 | Vaults:3 | Lost mutation: Your spells are a little easier to cast, but
                  | a little less powerful. [potion of mutation]
 64940 | Vaults:3 | Lost mutation: Your flesh is cold resistant. (rC+) [potion
                  | of mutation]
 64940 | Vaults:3 | Lost mutation: You tend to lose your temper in combat.
                  | [potion of mutation]
 65605 | Vaults:4 | Reached XP level 21. HP: 141/181 MP: 37/37
 68085 | Elf:1    | Entered Level 1 of the Elven Halls
 68179 | Elf:1    | Found Fifrock's Magic Scroll Shoppe.
 68179 | Elf:1    | Found Ekaroisk's Book Emporium.
 68182 | Elf:1    | Paralysed by an air elemental for 1 turns
 68220 | Elf:1    | Bought a scroll of teleportation for 54 gold pieces
 68220 | Elf:1    | Bought a scroll of blinking for 135 gold pieces
 68297 | Elf:1    | Found Izoeg's General Store.
 68300 | Elf:1    | Bought a potion of heal wounds for 100 gold pieces
 68300 | Elf:1    | Bought a potion of mutation for 160 gold pieces
 68300 | Elf:1    | Bought a scroll of fear for 70 gold pieces
 68300 | Elf:1    | Bought a potion of heal wounds for 100 gold pieces
 68620 | Elf:1    | Got the Reference Book on Arcane Weapons
 68880 | Elf:1    | Reached skill level 10 in Translocations
 69711 | Elf:2    | Found a runed translucent gate.
 69712 | Elf:2    | Found a runed translucent gate.
 69712 | Elf:2    | Found a runed translucent gate.
 70007 | Elf:2    | Reached skill level 20 in Earth Magic
 70983 | Elf:3    | Entered Level 3 of the Elven Halls
 71374 | Elf:2    | Paralysed by an air elemental for 1 turns
 71376 | Elf:2    | Paralysed by an air elemental for 1 turns
 71495 | Elf:3    | Gained mutation: Your magical capacity is low. (-10% MP) [a
                  | cacodemon]
 71727 | Elf:3    | Reached XP level 22. HP: 191/191 MP: 34/34
 71728 | Elf:3    | Identified the +5 falchion of Pocy {flame, rCorr Str+3}
 71735 | Elf:3    | Identified the +0 leather armour "Ageilick" {rPois rCorr
                  | Slay+3}
 71975 | Elf:3    | Identified the +3 mace "Haocwyla" {freeze, Drain rC+ Dex+3
                  | SInv}
 71976 | Elf:3    | Identified the +7 short sword of Posepu {flame, rF+ rC+
                  | Dex+2}
 72528 | Elf:3    | Reached skill level 15 in Fighting
 72957 | Elf:3    | Got Luwk's Handbook of Creative Cold
 72963 | Elf:3    | Found the +3 Elemental Staff {rElec rF++ rC++ AC+5}
 72984 | Elf:3    | Got the Tome of Glacial Fire
 73332 | Elf:3    | Acquired the amulet of the Marlin {RegenMP rF+ Str+5}
 73654 | Depths:1 | Entered Level 1 of the Depths
 74133 | Depths:1 | Reached skill level 1 in Evocations
 74348 | Depths:1 | Found a gateway to Hell.
 74506 | Depths:1 | Paralysed by a floating eye for 2 turns
 74696 | Depths:1 | Cast into level 3 of the Abyss (a wizard)
 74789 | Depths:1 | Escaped the Abyss
 76045 | Depths:2 | Learned a level 5 spell: Lee's Rapid Deconstruction
 76197 | Depths:2 | Identified the +7 broad axe "Senyisa" {vamp, rElec rC++
                  | Dex-5 Stlth+}
 76950 | Depths:2 | Noticed Mara
 76952 | Depths:2 | Noticed Anon1729's illusion
 76967 | Depths:2 | Noticed Anon1729's illusion
 76967 | Depths:2 | Killed Mara
 77260 | Depths:2 | Found Rashri Biomom's Book Shop.
 77260 | Depths:2 | Found Roro's Jewellery Shoppe.
 77261 | Depths:2 | Found Panabay's Book Shop.
 77286 | Depths:2 | Bought a book of Burglary for 360 gold pieces
 77290 | Depths:2 | Learned a level 2 spell: Passwall
 77344 | Depths:2 | Found a one-way gate leading to the halls of Pandemonium.
 77506 | Depths:2 | Gained mutation: You tend to lose your temper in combat. [a
                  | cacodemon]
 77806 | Depths:2 | Found a burning altar of Makhleb.
 77818 | Depths:2 | Identified the +9 short sword of Miocul {speed, Drain Int+4
                  | Dex+3 SInv}
 77819 | Depths:2 | Identified the +3 hand crossbow "Otiothy" {freeze, Contam
                  | rC- Dex+9 Stlth+}
 77820 | Depths:2 | Identified the +5 lajatang of Taloriu {venom, rC+ Int+4
                  | Dex-2}
 77822 | Depths:2 | Identified the +4 scythe "Pumi" {holy, Will+}
 78162 | Depths:2 | Found a sacrificial altar of Ru.
 78164 | Depths:2 | Noticed an ancient lich
 78165 | Depths:2 | Found a one-way gateway to a ziggurat.
 78466 | Depths:2 | Killed an ancient lich
 78467 | Depths:2 | Reached skill level 21 in Earth Magic
 78696 | Depths:3 | Found Ippiy's Weapon Shop.
 78758 | Depths:3 | Reached XP level 23. HP: 200/200 MP: 36/36
 80421 | Depths:4 | Entered Level 4 of the Depths
 80422 | Depths:4 | Noticed Saint Roka
 80547 | Depths:4 | Noticed a caustic shrike
 80547 | Depths:4 | Noticed a caustic shrike
 80547 | Depths:4 | Noticed a caustic shrike
 80547 | Depths:4 | Noticed a caustic shrike
 80547 | Depths:4 | Noticed a caustic shrike
 80551 | Depths:4 | Killed a caustic shrike
 81868 | Depths:4 | Killed a caustic shrike
 81915 | Depths:4 | Reached skill level 5 in Evocations
 81934 | Depths:4 | Killed a caustic shrike
 81942 | Depths:4 | Killed a caustic shrike
 81943 | Depths:4 | Reached skill level 15 in Unarmed Combat
 81954 | Depths:4 | Killed a caustic shrike
 82573 | Depths:4 | Killed Saint Roka
 83140 | Depths:4 | Reached skill level 15 in Invocations
 83367 | Depths:4 | Found a gate to the Realm of Zot.
 83434 | Depths:4 | Lost mutation: You tend to lose your temper in combat.
                  | [potion of mutation]
 83434 | Depths:4 | Lost mutation: Your magical capacity is low. (-10% MP)
                  | [potion of mutation]
 83434 | Depths:4 | Gained mutation: You occasionally shout uncontrollably at
                  | your foes. [potion of mutation]
 83434 | Depths:4 | Gained mutation: You are agile. (Dex +2) [potion of
                  | mutation]
 83434 | Depths:4 | Gained mutation: Your mind is acute. (Int +2) [potion of
                  | mutation]
 84167 | Crypt:1  | Entered Level 1 of the Crypt
 84831 | Crypt:1  | Learned a level 2 spell: Blink
 84837 | Crypt:1  | Learned a level 5 spell: Manifold Assault
 85960 | Crypt:2  | Reached XP level 24. HP: 207/210 MP: 41/41
 86664 | Crypt:3  | Entered Level 3 of the Crypt
 87643 | Crypt:3  | Identified the ring of Awe {Str+4 Slay+4}
 87740 | Crypt:3  | Found a basalt altar of Yredelemnul.
 87770 | Crypt:3  | Noticed a dread lich
 87788 | Crypt:3  | Killed a dread lich
 88254 | Crypt:3  | Noticed Sojobo
 88282 | Crypt:3  | Killed Sojobo
 88596 | Crypt:3  | Found a staircase to the Tomb.
 89155 | Crypt:3  | Reached skill level 15 in Spellcasting
 89708 | Tomb:1   | Entered Level 1 of the Tomb of the Ancients
 90263 | Tomb:1   | Noticed a royal mummy
 90274 | Tomb:1   | Killed a royal mummy
 90882 | Tomb:1   | Noticed a royal mummy
 92119 | Tomb:1   | Killed a royal mummy
 92128 | Tomb:1   | Noticed a royal mummy
 92132 | Tomb:1   | Killed a royal mummy
 92913 | Slime:1  | Entered Level 1 of the Pits of Slime
 93551 | Slime:2  | Reached XP level 25. HP: 221/221 MP: 42/42
 93966 | Slime:3  | Reached skill level 1 in Hexes
 94457 | Slime:5  | Entered Level 5 of the Pits of Slime
 94655 | Slime:5  | Noticed the Royal Jelly
 95081 | Slime:4  | Reached skill level 5 in Shields
 96334 | Slime:5  | Found a viscous altar of Jiyva.
 96620 | Slime:5  | Killed the Royal Jelly
 97383 | Slime:5  | Got a slimy rune of Zot
 97394 | Slime:5  | Identified the +2 leather armour of Liberty {Dex+4}
 97407 | Slime:5  | Got the Papyrus of Flight and Stones
 97442 | Slime:5  | Identified the amulet of Wuytz {rElec Regen+}
 98306 | Zot:1    | Entered Level 1 of the Realm of Zot
 98587 | Depths:4 | Reached skill level 1 in Conjurations
 99333 | Zot:1    | Reached skill level 15 in Dodging
100140 | Zot:2    | Reached skill level 5 in Conjurations
102197 | Zot:3    | Reached XP level 26. HP: 232/232 MP: 28/43
102557 | Zot:3    | Found a runed translucent gate.
102558 | Zot:3    | Found a runed translucent gate.
102559 | Zot:3    | Found a runed translucent gate.
102568 | Zot:3    | Noticed Gebug's ghost (legendary GrBe)
102569 | Zot:3    | Identified the +0 cloak of the Skies Above {Rampage Int+4
                  | Dex+2}
102879 | Zot:2    | Killed Gebug's ghost
103742 | Zot:3    | Got Sif Muna's Guide on Unstable Snow
103932 | Zot:4    | Noticed an orb of fire
104083 | Zot:4    | Gained mutation: You frequently scream uncontrollably at
                  | your foes. [an orb of fire]
104087 | Zot:4    | Killed an orb of fire
104186 | Zot:4    | Reached skill level 10 in Evocations
104705 | Zot:4    | Identified the amulet of the Robin {Spirit SInv Stlth+}
104709 | Zot:4    | Reached skill level 10 in Conjurations
105124 | Zot:4    | Noticed an orb of fire
105141 | Zot:4    | Killed an orb of fire
106391 | Zot:5    | Entered Level 5 of the Realm of Zot
107120 | Zot:5    | Noticed an orb of fire
107132 | Zot:5    | Killed an orb of fire
107265 | Zot:5    | Noticed a dread lich
107279 | Zot:5    | Killed a dread lich
107600 | Zot:5    | Learned a level 4 spell: Leda's Liquefaction
107804 | Zot:5    | Noticed an orb of fire
107819 | Zot:5    | Gained mutation: You have hidden genetic defects. [an orb
                  | of fire]
107829 | Zot:5    | Killed an orb of fire
107830 | Zot:5    | Lost mutation: You frequently scream uncontrollably at your
                  | foes. [potion of mutation]
107830 | Zot:5    | Lost mutation: Your mind is acute. (Int +2) [potion of
                  | mutation]
107830 | Zot:5    | Lost mutation: You are agile. (Dex +2) [potion of mutation]
107831 | Zot:5    | Lost mutation: You have hidden genetic defects. [potion of
                  | mutation]
107831 | Zot:5    | Lost mutation: You occasionally shout uncontrollably at
                  | your foes. [potion of mutation]
107831 | Zot:5    | Gained mutation: You are somewhat resistant to further
                  | mutation. [potion of mutation]
107935 | Zot:5    | Noticed an orb of fire
107947 | Zot:5    | Killed an orb of fire
108242 | Zot:5    | Noticed an orb of fire
108258 | Zot:5    | Gained mutation: You are partially covered in large bone
                  | plates. (SH +4) [an orb of fire]
108262 | Zot:5    | Killed an orb of fire
108269 | Zot:5    | Reached XP level 27. HP: 194/240 MP: 13/43
108738 | Zot:5    | Noticed an orb of fire
108747 | Zot:5    | Killed an orb of fire
108999 | Zot:5    | Noticed an orb of fire
109001 | Zot:5    | Noticed an orb of fire
109010 | Zot:5    | Noticed an orb of fire
109653 | Zot:5    | Gained mutation: You are frail. (-10% HP) [an orb of fire]
109657 | Zot:5    | Killed an orb of fire
109693 | Zot:5    | Killed an orb of fire
109893 | Zot:5    | Killed an orb of fire
110289 | Zot:5    | Got the Orb of Zot
110455 | Zot:1    | Noticed Xuth the pandemonium lord
110513 | Depths:4 | Noticed Minloi the pandemonium lord
110899 | D:6      | Noticed Ihimuwn the pandemonium lord
110994 | D:4      | Noticed Xeoh the pandemonium lord
111008 | D:4      | Killed Xeoh the pandemonium lord
111216 | D:2      | Noticed Pewn the pandemonium lord
111312 | D:$      | Escaped with the Orb!

Illustrated notes

Levels and vault maps discovered:
D:1:      mainiacjoe_arrival_reflecting_pool, layout_loops_ring,
          nicolae_ecumenical_snake_handling, serial_shops, nicolae_diamond_shop,
          kennysheep_doodads, kennysheep_flooded_box
D:2:      cheibrodos_fertilizer, layout_loops_ring, uniq_crazy_yiuf_cottage
D:3:      layout_loops_ring, moated_statue, minmay_circle_x, uniq_natasha,
          uniq_robin
D:4:      layout_loops_ring, mainiacjoe_overflow_alcove_2,
          eat_drink_and_be_merry_uskayaw, uniq_ijyb
D:5:      layout_cave_pods, grunt_temple_overflow_order_and_chaos_2,
          lemuel_round_altar
D:6:      layout_gridville, nicolae_gozag_cash_rules_everything_around_me,
          nicolae_dithmenos_shadow_blocks, minmay_temple_entry_purple_smoke,
          minmay_misc_feat_nine_boxes, minmay_crystal_room
D:7:      layout_cave_pods, serial_shops, shop, supply_closet_lemuel,
          lemuel_old_faithful, uniq_menkaure
D:8:      layout_loops_ring, uniq_grum
D:9:      layout_cave_pods, lemuel_coloured_pillars_altar, dpeg_oklobed_lair,
          david_orc_1_choice, serial_glass, glass_columns_a, glass_columns_a,
          uniq_maurice
D:10:     layout_irregular_city, palyth_stone_intersect,
          kennysheep_generic_room_7
D:11:     layout_basic, skrybe_limestone_x, uniq_gastronok
D:12:     layout_roguey, serial_shops, nicolae_shop_trees
D:13:     minmay_octagon_keep, layout_basic, uniq_nessos, uniq_azrael
D:14:     layout_cave_pools, david_vaults_5, fiery_altar_vehumet, uniq_jorgrun
D:15:     gammafunk_enter_depths_forms, layout_long_grid, serial_shops,
          nicolae_shop_trees, minivault_19
Temple:   minmay_temple_curvy_branch
Lair:1:   layout_concentric_octagons, chequers_serial_rivers_marsh
Lair:2:   layout_layer_cave, gammafunk_ghost_icy
Lair:3:   layout_roguey, st_stairs_10, beast_lair_carwin_2, uniq_prince_ribbit2
Lair:4:   layout_long_grid, shoals_dummy_entry, spider_nest_entry_a
Lair:5:   regret_index_wax_grids, layout_layer_cave, grunt_megastairs_4,
          infiniplex_staircase_pool_2, serial_bayou_shore_b,
          lemuel_fruit_fields, uniq_rupert
Lair:6:   cheibrodos_lair_end_hotspot, layout_regular_city, slime_altar_2
Shoals:1: layout_shoals, serial_nicolae_subway, nicolae_sub_station_metal,
          nicolae_sub_station_stone, nicolae_sub_station_crystal, uniq_louise,
          uniq_nikola, uniq_kirke, uniq_roxanne, uniq_josephine
Shoals:2: layout_shoals, serial_shops, shop
Shoals:3: layout_shoals, uniq_polyphemus, uniq_ilsuiw
Shoals:4: shoals_end_grunt_ice, layout_shoals, serial_shops, shop,
          nicolae_specific_store, nicolae_shoals_lost_giant_pillars
Spider:1: lemuel_spider_zombies, spiders_nest_hornet_nest
Spider:2: layout_spider_delve
Spider:3: layout_spider_delve
Spider:4: spider_rune_water
Slime:1:  layout_caves, cheibrodos_slime_lost_civilization_5
Slime:2:  cheibrodos_slime_lost_civilization_10, layout_caves,
          nicolae_slime_phagocytosis
Slime:3:  layout_caves
Slime:4:  layout_caves
Slime:5
Orc:1:    layout_diamond_mine, mines_bat_river, uniq_sonja
Orc:2:    st_orc_mages, layout_caves, serial_shops, bzr_entry_lakeside, shop,
          shop_statue, uniq_donald
Elf:1:    eino_elf_arrival_the_gate, layout_geoelf_diagonals, serial_shops,
          nicolae_shop_behind_doors, minmay_elf_annihilation, minmay_shoptagon
Elf:2:    nicolae_elf_blades_crystal_corner, layout_loops_corners
Elf:3:    grunt_elf_hall_spiral, layout_loops_corners
Vaults:1: infiniplex_enter_wizlab_spiral, nicolae_vaults_arrows,
          hangedman_vaults_capsules, nicolae_vaults_twisting_passages,
          st_spiral_rooms, ontoclasm_vaults_chip, hangedman_vaults_pinch,
          nicolae_vaults_shelves_hall, v_pattern_1, nicolae_vaults_gold_heap,
          layout_vaults_maze_snakey
Vaults:2: hangedman_vaults_stretched_pinwheel, nicolae_vaults_murderbox,
          ontoclasm_vaults_spin, hangedman_vaults_slice, v_misc_10,
          hangedman_vaults_maws, hangedman_vaults_trim, ontoclasm_vaults_bender,
          nicolae_vaults_yaktaur_gun_rack, ontoclasm_vaults_gateway,
          layout_vaults_big_room, enter_trove_3, serial_shops,
          nicolae_shop_waterfront
Vaults:3: grunt_vaults_funnel, v_misc_23, minmay_crypt_entry_vampire_xt,
          v_misc_12, nicolae_vaults_an_arrangement, vaults_room_semicircle,
          vaults_room_hallway, nicolae_vaults_little_ls,
          dpeg_vaults_monster_box, layout_vaults_omnigrid
Vaults:4: vaults_mumra_hexcomb, v_misc_24, nicolae_vaults_shelves_hall,
          hangedman_vaults_corner, nicolae_vaults_know_your_exits,
          vaults_room_corners, ontoclasm_vaults_hangar,
          nicolae_vaults_hallways_thing, hangedman_vaults_slice,
          hangedman_vaults_corner_blocks, layout_vaults_omnicross
Crypt:1:  layout_gridlike
Crypt:2:  layout_regular_city
Crypt:3:  church_of_pain_bobbens, layout_chaotic_city, uniq_sojobo
Tomb:1
Depths:1: layout_gridville, pf_coc_iceberg, serial_sigils,
          serial_sigils_hangedman_stare, serial_sigils_hangedman_snap,
          serial_sigils_hangedman_confine, serial_sigils_hangedman_clutch,
          serial_sigils_hangedman_shear, serial_sigils_hangedman_shear,
          dk_noncrumbling_4, kb_rosetta
Depths:2: evilmike_makhleb_hellhole, layout_honeycomb, enter_ziggurat_c,
          lemuel_round_altar, pan_entry, hell_entry, horrible_house_mu,
          minmay_shop_grove, uniq_mara
Depths:3: nicolae_terramorphic_expanse [nicolae_terramorphic_quarter,
          nicolae_terramorphic_quarter, nicolae_terramorphic_quarter,
          nicolae_terramorphic_quarter, nicolae_terramorphic_quarter,
          nicolae_terramorphic_biome, nicolae_terramorphic_biome,
          nicolae_terramorphic_biome, nicolae_terramorphic_biome],
          layout_gridlike, nicolae_sextant, serial_shops,
          nicolae_shop_advertising_works [nicolae_subvault_shop_adworks],
          lightli_too_deep, marbit_kobold_abyss_entry
Depths:4: grunt_zot_entry_pinwheel, layout_gridlike, grunt_pan_entry_zigzag,
          hell_entry, uniq_saint_roka
Zot:1:    layout_twisted_circle
Zot:2:    layout_onion_interference, st_stairs_9, hangedman_zot_wheel_spokes,
          drop_trap, grunt_megastairs_5
Zot:3:    layout_gridlike, gammafunk_ghost_tricky_traps
Zot:4:    hangedman_zot_vaults_quadrants, layout_cathedral_of_symmetry
Zot:5:    layout_misc_corridors

Skill      XL: |  1  2  3  4  5  6  7  8  9 10 11 12 13 14 15 16 17 18 19 20 21 22 23 24 25 26 27 |
---------------+----------------------------------------------------------------------------------+-----
Dodging        | 2 3 4 5 6 7 8 9 10 11 12 13 14 15 16 | 16.2
Fighting       | 2 3 4 5 6 7 8 9 10 11 12 13 14 15 16 17 18 19 | 19.0
Transmutations | 3 4 5 7 8 9 10 11 12 13 14 15 16 17 18 19 20 | 20.0
Spellcasting   | 3 4 5 6 7 8 9 10 11 12 13 14 15 16 17 | 17.0
Unarmed Combat | 4 5 6 7 8 9 10 11 12 13 14 15 16 17 | 17.8
Earth Magic    | 2 5 8 10 11 13 14 15 16 17 18 19 20 21 | 21.4
Invocations    | 1 3 5 6 7 8 9 10 11 12 13 14 15 16 17 19 | 19.1
Stealth        | 1 4 |  4.0
Shields        | 2 4 5 |  5.0
Translocations | 1 3 5 7 8 9 10 11 12 13 14 | 14.0
Evocations     | 3 6 7 9 10 11 | 11.5
Hexes          | 3 |  3.1
Conjurations   | 7 12 13 | 13.6

Action                   |  1- 3 |  4- 6 |  7- 9 | 10-12 | 13-15 | 16-18 | 19-21 | 22-24 | 25-27 || total
-------------------------+-------+-------+-------+-------+-------+-------+-------+-------+-------++-------
Melee: Unarmed           |   109 |   209 |   518 |   676 |  1431 |   930 |  1355 |  1726 |  1349 ||  8303
       Kick              |    19 |    36 |   114 |    92 |     5 |       |       |    15 |       ||   281
       Tailslap          |     9 |    17 |    66 |   126 |   283 |   186 |   284 |   419 |   310 ||  1700
       Headbutt          |     8 |    19 |    75 |    54 |     6 |       |       |    12 |       ||   174
       Punch             |     3 |     5 |    17 |    51 |   111 |    81 |    99 |    86 |    92 ||   545
       Bite              |       |       |       |       |       |   100 |   148 |    84 |    85 ||   417
Throw: Dart              |       |       |       |       |       |     1 |       |       |       ||     1
 Cast: Beastly Appendage |    22 |    31 |    42 |    16 |     3 |       |       |     1 |       ||   115
       Spider Form       |       |     6 |       |     2 |       |       |       |       |       ||     8
       Blade Hands       |       |       |       |    50 |   170 |     4 |     2 |     1 |       ||   227
       Wereblood         |       |       |       |     9 |     7 |     1 |     3 |     6 |     5 ||    31
       Stone Arrow       |       |       |       |       |     7 |       |       |       |       ||     7
       Dragon Form       |       |       |       |       |       |    72 |    80 |    56 |    72 ||   280
       Lesser Beckoning  |       |       |       |       |       |     2 |    14 |    31 |    59 ||   106
       Petrify           |       |       |       |       |       |     4 |       |     1 |       ||     5
       Statue Form       |       |       |       |       |       |       |    44 |    76 |    49 ||   169
       Lee's Rapid Decon |       |       |       |       |       |       |       |    44 |     2 ||    46
       Manifold Assault  |       |       |       |       |       |       |       |    25 |   165 ||   190
       Apportation       |       |       |       |       |       |       |       |     2 |     3 ||     5
       Passwall          |       |       |       |       |       |       |       |       |     1 ||     1
Invok: Wall of Briars    |       |       |       |     1 |     3 |     1 |     3 |     3 |    11 ||    22
       Grow Ballistomyce |       |       |       |       |     5 |       |     2 |     1 |     9 ||    17
       Grow Oklob        |       |       |       |       |     1 |     1 |     4 |     1 |     3 ||    10
 Abil: End Transformatio |       |       |       |     2 |       |     3 |     2 |     3 |     2 ||    12
Evoke: Wand              |       |       |     7 |     5 |    12 |     1 |     9 |     2 |     2 ||    38
       Phial of floods   |       |       |       |       |     2 |       |     1 |       |     1 ||     4
       Condenser vane    |       |       |       |       |       |       |       |     2 |     1 ||     3
  Use: Potion            |     1 |     1 |     6 |       |     5 |     2 |    17 |     6 |    22 ||    60
       Scroll            |       |       |     5 |    13 |    21 |     6 |    21 |     8 |    13 ||    87
 Stab: Sleeping          |     3 |     1 |     2 |       |       |     1 |     5 |     4 |       ||    16
       Invisible         |       |       |     2 |       |     1 |       |     1 |       |       ||     4
       Confused          |       |       |       |       |     2 |       |       |       |       ||     2
       Paralysed         |       |       |       |       |     1 |     1 |       |       |       ||     2
       Petrified         |       |       |       |       |       |     7 |       |     2 |       ||     9
       Petrifying        |       |       |       |       |       |     2 |       |       |       ||     2
       Distracted        |       |       |       |       |       |       |     4 |     3 |       ||     7
Armor: Skin              |    34 |    98 |   246 |   257 |   744 |   811 |  1064 |  1307 |   904 ||  5465
Dodge: Dodged            |    60 |   132 |   314 |   427 |  1013 |   556 |   994 |  1415 |  1115 ||  6026
       Repelled          |       |       |     2 |     4 |    22 |       |       |       |       ||    28
Block: Buckler           |       |       |       |       |    14 |    57 |   286 |   685 |   460 ||  1502
       Reflection        |       |       |       |       |     4 |     1 |    50 |    38 |    30 ||   123

Table legend: (Time is in decaauts)
 A = Elapsed time spent in this place.
 B = Non-inter-level travel time spent in this place.
 C = Inter-level travel time spent in this place.
 D = Time resting spent in this place.
 E = Time spent auto-exploring this place.
 F = Levels seen in this place.
 G = Mean time per level.
                   A        B        C        D        E       F      G
               +--------+--------+--------+--------+--------+-----+--------+
         Total | 116477 | 108401 |   8076 |  27432 |  58428 |  65 | 1792.0 |
       Dungeon |  27369 |  23694 |   3675 |   5670 |  13688 |  15 | 1824.6 |
        Temple |    303 |    303 |      0 |      0 |    295 |   1 |  303.0 |
          Lair |  12001 |  10888 |   1113 |   1780 |   7204 |   6 | 2000.2 |
        Shoals |   7840 |   7696 |    144 |   1788 |   4509 |   4 | 1960.0 |
   Spider Nest |   6250 |   5706 |    544 |    568 |   4037 |   4 | 1562.5 |
    Slime Pits |   5719 |   5402 |    317 |   2249 |   1616 |   5 | 1143.8 |
  Orcish Mines |   3524 |   3176 |    348 |   1053 |   1463 |   2 | 1762.0 |
   Elven Halls |   6732 |   6486 |    246 |   1073 |   3660 |   3 | 2244.0 |
        Vaults |  10736 |  10242 |    494 |   2586 |   5906 |   4 | 2684.0 |
         Crypt |   6779 |   6602 |    177 |   1300 |   3814 |   3 | 2259.7 |
          Tomb |   3314 |   3165 |    149 |   1409 |    365 |   1 | 3314.0 |
        Depths |  10968 |  10366 |    602 |   2735 |   5981 |   4 | 2742.0 |
           Zot |  12189 |  11927 |    262 |   4421 |   5193 |   5 | 2437.8 |
         Abyss |   1313 |   1313 |      0 |    251 |    310 |   5 |  262.6 |
        Bazaar |    376 |    376 |      0 |      0 |    149 |   1 |  376.0 |
         Trove |     68 |     68 |      0 |      0 |      0 |   1 |   68.0 |
        Wizlab |    987 |    987 |      0 |    544 |    233 |   1 |  987.0 |
               +--------+--------+--------+--------+--------+-----+--------+

Top non-repeatable levels by time:
   Zot:5: 3503 daAuts
  Tomb:1: 3314 daAuts
 Crypt:3: 3137 daAuts
Vaults:2: 3109 daAuts
Depths:4: 3076 daAuts
Depths:2: 3056 daAuts
Depths:3: 2800 daAuts
Vaults:4: 2697 daAuts
     D:9: 2695 daAuts
   Elf:2: 2680 daAuts
    D:13: 2672 daAuts
 Slime:4: 2639 daAuts
Vaults:3: 2595 daAuts
   Elf:3: 2572 daAuts
   Zot:1: 2525 daAuts
